TOP OF THE 1ST |
Medicine Hat Blue Jays batting - Pitching for Caldwell Claws : RHP Craig Herberholz
|
Pitching: RHP Craig Herberholz
|
|
Batting: LHB Kevin Bates
|
0-0: Swinging Strike 0-1: Ball 1-1: Foul Ball, location: 2F 1-2: Ball 2-2: Foul Ball, location: 2F 2-2: Ball 3-2: Base on Balls
|
Batting: RHB Burt Milley
|
0-0: Foul Ball, location: 2F 0-1: Ball 1-1: Ball 2-1: Foul Ball, location: 2F 2-2: Ball 3-2: Base on Balls Kevin Bates to second
|
Batting: LHB Jose Gomez
|
0-0: Called Strike 0-1: Called Strike 0-2: Ball 1-2: Strikes out swinging
|
Batting: LHB Tom Reynolds
|
0-0: Ball 1-0: Grounds into double play, 6-4-3 (Groundball, 6, EV 78.1 MPH)
|
Top of the 1st over - 0 runs, 0 hits, 0 errors, 1 left on base; Medicine Hat 0 - Caldwell 0 |
BOTTOM OF THE 1ST |
Caldwell Claws batting - Pitching for Medicine Hat Blue Jays : RHP Darrel Akerfelds
|
Pitching: RHP Darrel Akerfelds
|
|
Batting: RHB Kim Christensen
|
0-0: Called Strike 0-1: Ball 1-1: Ball 2-1: Foul Ball, location: 2F 2-2: Foul Ball, location: 2F 2-2: Ball 3-2: Base on Balls
|
Batting: RHB David Morales
|
0-0: Ball Kim Christensen steals 2nd base 1-0: Ball 2-0: Called Strike 2-1: Fly out, F8 (Flyball, 89D, EV 106.9 MPH) Runner from 2nd tags up, SAFE at 3rd, no throw by CF
|
Batting: LHB Miguel Negron
|
0-0: Fly out, F7 (Flyball, 78D, EV 98.1 MPH) Runner from 3rd tags up, SCORES, throw by LF
|
Batting: LHB Dave Smith
|
0-0: Called Strike 0-1: Ball 1-1: Foul Ball, location: 2F 1-2: Ground out U3 (Groundball, 3S, EV 76.9 MPH)
|
Bottom of the 1st over - 1 run, 0 hits, 0 errors, 0 left on base; Medicine Hat 0 - Caldwell 1 |
TOP OF THE 2ND |
Medicine Hat Blue Jays batting - Pitching for Caldwell Claws : RHP Craig Herberholz
|
Batting: RHB Greg Legg
|
0-0: Called Strike 0-1: DOUBLE (Line Drive, 9D, EV 93.8 MPH)
|
Batting: LHB Alberto Chino
|
0-0: Ball 1-0: Called Strike 1-1: Called Strike 1-2: Ball 2-2: SINGLE (Groundball, 34D, EV 102.5 MPH) Greg Legg to third
|
Batting: RHB Terence Shoebridge
|
0-0: Ball 1-0: Ball 2-0: Ball 3-0: Called Strike 3-1: Base on Balls Alberto Chino to second
|
Batting: SHB Cordie Dillard
|
0-0: Called Strike 0-1: Foul Ball, location: 2F 0-2: Foul Ball, location: 2F 0-2: Ball 1-2: Ball 2-2: Strikes out swinging
|
Batting: SHB Manuel DelRosario
|
0-0: Called Strike 0-1: Ball 1-1: Ball 2-1: Ball 3-1: Base on Balls Greg Legg scores Alberto Chino to third Terence Shoebridge to second
|
Batting: LHB Kevin Bates
|
0-0: Called Strike 0-1: Ball 1-1: Ball 2-1: Called Strike 2-2: Ball 3-2: Base on Balls Alberto Chino scores Terence Shoebridge to third Manuel DelRosario to second
|
Batting: RHB Burt Milley
|
0-0: Swinging Strike 0-1: Ball 1-1: DOUBLE (Line Drive, 7LM, EV 96.9 MPH) Terence Shoebridge scores Manuel DelRosario scores Kevin Bates to third
|
Batting: LHB Jose Gomez
|
0-0: Ball 1-0: Foul Ball, location: 2F 1-1: Ball 2-1: Called Strike 2-2: Strikes out looking
|
Batting: LHB Tom Reynolds
|
0-0: DOUBLE (Flyball, 8LXD, EV 91.9 MPH) Kevin Bates scores Burt Milley scores
|
Batting: RHB Greg Legg
|
0-0: Fly out, F8 (Flyball, 8LS, EV 90.0 MPH)
|
Top of the 2nd over - 6 runs, 4 hits, 0 errors, 1 left on base; Medicine Hat 6 - Caldwell 1 |
BOTTOM OF THE 2ND |
Caldwell Claws batting - Pitching for Medicine Hat Blue Jays : RHP Darrel Akerfelds
|
Batting: LHB Gregory Robles
|
0-0: Fly out, F9 (Flyball, 9D, EV 86.9 MPH)
|
Batting: LHB Joseph Wesley
|
0-0: Ball 1-0: Foul Ball, location: 2F 1-1: Foul Ball, location: 2F 1-2: Ball 2-2: Ball 3-2: Strikes out swinging
|
Batting: LHB Willie Vigil
|
0-0: Foul Ball, location: 2F 0-1: Ball 1-1: SINGLE (Flyball, 78S, EV 96.9 MPH)
|
Batting: LHB Roberto Guillen
|
0-0: Ball 1-0: Swinging Strike 1-1: Ball 2-1: Ball 3-1: Foul Ball, location: 2F 3-2: Fly out, F9 (Flyball, 9, EV 90.0 MPH)
|
Bottom of the 2nd over - 0 runs, 1 hit, 0 errors, 1 left on base; Medicine Hat 6 - Caldwell 1 |
TOP OF THE 3RD |
Medicine Hat Blue Jays batting - Pitching for Caldwell Claws : RHP Craig Herberholz
|
Batting: LHB Alberto Chino
|
0-0: Called Strike 0-1: Ball 1-1: Fly out, F7 (Flyball, 7, EV 78.1 MPH)
|
Batting: RHB Terence Shoebridge
|
0-0: Ball 1-0: Called Strike 1-1: Ball 2-1: Fly out, F8 (Line Drive, 8RM, EV 93.1 MPH)
|
Batting: SHB Cordie Dillard
|
0-0: Ball 1-0: Ground out 1-3 (Groundball, 13S, EV 77.5 MPH)
|
Top of the 3rd over - 0 runs, 0 hits, 0 errors, 0 left on base; Medicine Hat 6 - Caldwell 1 |
BOTTOM OF THE 3RD |
Caldwell Claws batting - Pitching for Medicine Hat Blue Jays : RHP Darrel Akerfelds
|
Batting: RHB Henry Bender
|
0-0: Ball 1-0: Foul Ball, location: 2F 1-1: Fly out, F7 (Flyball, 78D, EV 91.9 MPH)
|
Batting: RHB Kim Christensen
|
0-0: Called Strike 0-1: Ball 1-1: Ball 2-1: Ball 3-1: Called Strike 3-2: SINGLE (Groundball, 3D, EV 105.6 MPH)
|
Batting: RHB David Morales
|
0-0: Fly out, F8 (Flyball, 8RD, EV 91.9 MPH)
|
Batting: LHB Miguel Negron
|
0-0: Swinging Strike 0-1: Swinging Strike 0-2: Ball 1-2: Ball 2-2: Strikes out looking
|
Bottom of the 3rd over - 0 runs, 1 hit, 0 errors, 1 left on base; Medicine Hat 6 - Caldwell 1 |
TOP OF THE 4TH |
Medicine Hat Blue Jays batting - Pitching for Caldwell Claws : RHP Craig Herberholz
|
Batting: SHB Manuel DelRosario
|
0-0: Ball 1-0: Ball 2-0: Called Strike 2-1: Ball 3-1: Base on Balls
|
Batting: LHB Kevin Bates
|
0-0: Ball 1-0: Ball 2-0: Ball 3-0: Called Strike 3-1: Foul Ball, location: 2F 3-2: Fielders Choice at 2nd, 4-6 (Groundball, 4, EV 81.3 MPH)
|
Batting: RHB Burt Milley
|
0-0: Ball 1-0: Swinging Strike 1-1: Swinging Strike 1-2: Foul Ball, location: 2F 1-2: Strikes out looking
|
Batting: LHB Jose Gomez
|
0-0: Ball 1-0: Ball Kevin Bates is caught stealing 2nd base 2-6
|
Top of the 4th over - 0 runs, 0 hits, 0 errors, 0 left on base; Medicine Hat 6 - Caldwell 1 |
BOTTOM OF THE 4TH |
Caldwell Claws batting - Pitching for Medicine Hat Blue Jays : RHP Darrel Akerfelds
|
Batting: LHB Dave Smith
|
0-0: Ground out 4-3 (Groundball, 4M, EV 100.0 MPH)
|
Batting: LHB Gregory Robles
|
0-0: Swinging Strike 0-1: Fly out, F8 (Line Drive, 8LM, EV 104.4 MPH)
|
Batting: LHB Joseph Wesley
|
0-0: Ball 1-0: Foul Ball, location: 2F 1-1: Ball 2-1: Foul Ball, location: 2F 2-2: Foul Ball, location: 2F 2-2: Ball 3-2: Foul Ball, location: 2F 3-2: Base on Balls
|
Batting: LHB Willie Vigil
|
0-0: Ball 1-0: Called Strike 1-1: DOUBLE (Line Drive, 7LS, EV 108.8 MPH) Joseph Wesley to third Runner from 3rd tries for Home, SAFE, throw by LF to home
|
Batting: LHB Roberto Guillen
|
0-0: Called Strike 0-1: Ground out 5-3 (Groundball, 5, EV 99.4 MPH)
|
Bottom of the 4th over - 1 run, 1 hit, 0 errors, 1 left on base; Medicine Hat 6 - Caldwell 2 |
TOP OF THE 5TH |
Medicine Hat Blue Jays batting - Pitching for Caldwell Claws : RHP Craig Herberholz
|
Batting: LHB Jose Gomez
|
0-0: Swinging Strike 0-1: Ball 1-1: Ball 2-1: Foul Ball, location: 2F 2-2: Strikes out swinging, 2-3 out at first.
|
Batting: LHB Tom Reynolds
|
0-0: Called Strike 0-1: Called Strike 0-2: Foul Ball, location: 2F 0-2: Fly out, F7 (Flyball, 78D, EV 96.9 MPH)
|
Batting: RHB Greg Legg
|
0-0: Called Strike 0-1: Ball 1-1: Ball 2-1: Foul Ball, location: 2F 2-2: Fly out, F6 (Popup, 6S, EV 81.3 MPH)
|
Top of the 5th over - 0 runs, 0 hits, 0 errors, 0 left on base; Medicine Hat 6 - Caldwell 2 |
BOTTOM OF THE 5TH |
Caldwell Claws batting - Pitching for Medicine Hat Blue Jays : RHP Darrel Akerfelds
|
Batting: RHB Henry Bender
|
0-0: Ground out 6-3 (Groundball, 6, EV 77.5 MPH)
|
Batting: RHB Kim Christensen
|
0-0: Foul Ball, location: 2F 0-1: Fly out, F7 (Flyball, 78D, EV 98.1 MPH)
|
Batting: RHB David Morales
|
0-0: Ball 1-0: Ball 2-0: Ground out 4-3 (Groundball, 4, EV 84.4 MPH)
|
Bottom of the 5th over - 0 runs, 0 hits, 0 errors, 0 left on base; Medicine Hat 6 - Caldwell 2 |
TOP OF THE 6TH |
Medicine Hat Blue Jays batting - Pitching for Caldwell Claws : RHP Craig Herberholz
|
Batting: LHB Alberto Chino
|
0-0: Called Strike 0-1: Fly out, F9 (Flyball, 9D, EV 91.3 MPH)
|
Batting: RHB Terence Shoebridge
|
0-0: Ball 1-0: Swinging Strike 1-1: SINGLE (Line Drive, 3D, EV 105.6 MPH)
|
Pitching: RHP Enrique Guerra
|
|
Batting: SHB Cordie Dillard
|
0-0: SINGLE (Groundball, 56D, EV 96.9 MPH) Terence Shoebridge to second
|
Batting: SHB Manuel DelRosario
|
0-0: Called Strike 0-1: Ball 1-1: Ball 2-1: Fielders Choice at 2nd, 3-6 (Groundball, 34, EV 82.5 MPH) Terence Shoebridge to third
|
Batting: LHB Kevin Bates
|
0-0: Foul Ball, location: 2F 0-1: Foul Ball, location: 2F 0-2: Ball 1-2: Ground out 4-3 (Groundball, 34, EV 105.6 MPH)
|
Top of the 6th over - 0 runs, 2 hits, 0 errors, 2 left on base; Medicine Hat 6 - Caldwell 2 |
BOTTOM OF THE 6TH |
Caldwell Claws batting - Pitching for Medicine Hat Blue Jays : RHP Darrel Akerfelds
|
Batting: LHB Miguel Negron
|
0-0: Ball 1-0: Swinging Strike 1-1: Swinging Strike 1-2: Ball 2-2: Ground out 5-3 (Groundball, 56S, EV 86.3 MPH)
|
Batting: LHB Dave Smith
|
0-0: Foul Ball, location: 2F 0-1: Foul Ball, location: 2F 0-2: Strikes out swinging
|
Batting: LHB Gregory Robles
|
0-0: Ground out U3 (Groundball, 34S, EV 89.4 MPH)
|
Bottom of the 6th over - 0 runs, 0 hits, 0 errors, 0 left on base; Medicine Hat 6 - Caldwell 2 |
TOP OF THE 7TH |
Medicine Hat Blue Jays batting - Pitching for Caldwell Claws : RHP Enrique Guerra
|
Batting: RHB Burt Milley
|
0-0: Ball 1-0: Ground out 4-3 (Groundball, 4M, EV 81.3 MPH)
|
Batting: LHB Jose Gomez
|
0-0: Ground out U3 (Groundball, 13, EV 85.0 MPH)
|
Batting: LHB Tom Reynolds
|
0-0: Fly out, F8 (Flyball, 8LXD, EV 103.1 MPH)
|
Top of the 7th over - 0 runs, 0 hits, 0 errors, 0 left on base; Medicine Hat 6 - Caldwell 2 |
BOTTOM OF THE 7TH |
Caldwell Claws batting - Pitching for Medicine Hat Blue Jays : RHP Darrel Akerfelds
|
Batting: LHB Joseph Wesley
|
0-0: Ball 1-0: DOUBLE (Groundball, 3L, EV 101.9 MPH)
|
Batting: LHB Willie Vigil
|
0-0: Ball 1-0: Foul Ball, location: 2F 1-1: Ball 2-1: DOUBLE (Line Drive, 9LM, EV 106.9 MPH) Joseph Wesley scores
|
Batting: LHB Roberto Guillen
|
0-0: Ball 1-0: Ball 2-0: Foul Ball, location: 2F 2-1: Ball 3-1: Base on Balls
|
Batting: RHB Henry Bender
|
0-0: Swinging Strike 0-1: Ball 1-1: Ball 2-1: Foul Ball, location: 2F 2-2: Ball 3-2: Ground out 5-3 (Groundball, 56S, EV 62.5 MPH) Willie Vigil to third Roberto Guillen to second
|
Batting: RHB Kim Christensen
|
0-0: Called Strike 0-1: Foul Ball, location: 2F 0-2: Foul Ball, location: 2F 0-2: Ball 1-2: Ground out 6-3 (Groundball, 6, EV 90.6 MPH) Willie Vigil scores
|
Batting: RHB David Morales
|
0-0: Ball 1-0: SINGLE (Groundball, 34D, EV 107.5 MPH) Roberto Guillen to third Runner from 3rd tries for Home, SAFE, throw by RF to home David Morales to second
|
Batting: LHB Miguel Negron
|
0-0: Swinging Strike 0-1: Ground out 3-1 (Groundball, 34S, EV 81.9 MPH)
|
Bottom of the 7th over - 3 runs, 3 hits, 0 errors, 1 left on base; Medicine Hat 6 - Caldwell 5 |
TOP OF THE 8TH |
Medicine Hat Blue Jays batting - Pitching for Caldwell Claws : RHP Enrique Guerra
|
Batting: RHB Greg Legg
|
0-0: Called Strike 0-1: SINGLE (Groundball, 6S, EV 63.8 MPH) (infield hit)
|
Batting: LHB Alberto Chino
|
0-0: Sac Bunt to P - play at first, batter OUT! 1-4 Greg Legg to second
|
Batting: RHB Terence Shoebridge
|
0-0: Called Strike 0-1: Ground out 5-3 (Groundball, 56, EV 88.8 MPH)
|
Batting: SHB Cordie Dillard
|
0-0: Called Strike 0-1: Ball 1-1: Ball 2-1: Ball 3-1: Base on Balls
|
Batting: SHB Manuel DelRosario
|
0-0: Ball 1-0: Called Strike 1-1: Ball 2-1: Fly out, F7 (Flyball, 7LS, EV 75.0 MPH)
|
Top of the 8th over - 0 runs, 1 hit, 0 errors, 2 left on base; Medicine Hat 6 - Caldwell 5 |
BOTTOM OF THE 8TH |
Caldwell Claws batting - Pitching for Medicine Hat Blue Jays : RHP Darrel Akerfelds
|
Batting: LHB Dave Smith
|
0-0: Ball 1-0: Called Strike 1-1: Called Strike 1-2: Foul Ball, location: 2F 1-2: Foul Ball, location: 2F 1-2: Ball 2-2: Ball 3-2: Strikes out swinging
|
Batting: LHB Gregory Robles
|
0-0: Ball 1-0: SINGLE (Groundball, 34D, EV 93.8 MPH)
|
Batting: LHB Joseph Wesley
|
0-0: Ball 1-0: Foul Ball, location: 2F 1-1: Swinging Strike 1-2: Ball 2-2: Strikes out swinging
|
Batting: LHB Willie Vigil
|
0-0: Ball 1-0: Swinging Strike 1-1: Fly out, F7 (Flyball, 7, EV 91.3 MPH)
|
Bottom of the 8th over - 0 runs, 1 hit, 0 errors, 1 left on base; Medicine Hat 6 - Caldwell 5 |
TOP OF THE 9TH |
Medicine Hat Blue Jays batting - Pitching for Caldwell Claws : RHP Enrique Guerra
|
Batting: LHB Kevin Bates
|
0-0: Called Strike 0-1: Called Strike 0-2: Ball 1-2: Ground out 4-3 (Groundball, 4, EV 79.4 MPH)
|
Batting: RHB Burt Milley
|
0-0: Swinging Strike 0-1: SOLO HOME RUN (Flyball, 7D, EV 98.1 MPH), Distance : 364 ft
|
Batting: LHB Jose Gomez
|
0-0: Called Strike 0-1: Swinging Strike 0-2: Foul Ball, location: 2F 0-2: Ground out 4-3 (Groundball, 4, EV 92.5 MPH)
|
Batting: LHB Tom Reynolds
|
0-0: Called Strike 0-1: Ball 1-1: SOLO HOME RUN (Flyball, 89XD, EV 109.4 MPH), Distance : 451 ft
|
Batting: RHB Greg Legg
|
0-0: SINGLE (Line Drive, 4M, EV 104.4 MPH)
|
Batting: LHB Alberto Chino
|
0-0: Ball 1-0: Called Strike 1-1: Ground out 4-3 (Groundball, 4, EV 103.8 MPH)
|
Top of the 9th over - 2 runs, 3 hits, 0 errors, 1 left on base; Medicine Hat 8 - Caldwell 5 |
BOTTOM OF THE 9TH |
Caldwell Claws batting - Pitching for Medicine Hat Blue Jays : RHP Darrel Akerfelds
|
Pitching: RHP Omar Bencomo
|
|
Now at 2B: Thomas Norko
|
|
Now at 3B: David Fowlkes
|
|
Batting: LHB Roberto Guillen
|
0-0: Ball 1-0: Fly out, F6 (Popup, 6, EV 80.6 MPH)
|
Batting: RHB Henry Bender
|
0-0: Fly out, F7 (Flyball, 7S, EV 85.0 MPH)
|
Batting: RHB Kim Christensen
|
0-0: Ball 1-0: Called Strike 1-1: Ball 2-1: Called Strike 2-2: Foul Ball, location: 2F 2-2: Strikes out looking
|
Bottom of the 9th over - 0 runs, 0 hits, 0 errors, 0 left on base; Medicine Hat 8 - Caldwell 5 |
|